Workbook

Sheet Expense Tracker
A1: PERSONAL EXPENSES TRACKER EXCEL SHEET
A3: S.No. | B3: Date | C3: Description | D3: Category | E3: Payment Method | F3: Amount (₹) | G3: Status | H3: Month | I3: Year | J3: % of Total | K3: Notes / Remarks
A4: =IF(B4="","",ROW()-3) -> 1 | B4: 46296 | C4: Monthly house rent | D4: Housing | E4: Bank Transfer | F4: 15000 | G4: Paid | H4: =IF(B4="","",TEXT(B4,"mmm")) -> Oct | I4: =IF(B4="","",YEAR(B4)) -> 2026 | J4: =IF(F4="","",IFERROR(F4/SUM($F$4:$F$203),0)) -> 0.5957582 | K4: September rent
A5: =IF(B5="","",ROW()-3) -> 2 | B5: 46297 | C5: Weekly groceries | D5: Food & Groceries | E5: UPI | F5: 2000 | G5: Paid | H5: =IF(B5="","",TEXT(B5,"mmm")) -> Oct | I5: =IF(B5="","",YEAR(B5)) -> 2026 | J5: =IF(F5="","",IFERROR(F5/SUM($F$4:$F$203),0)) -> 0.079434427 | K5: Vegetables and staples
A6: =IF(B6="","",ROW()-3) -> 3 | B6: 46298 | C6: Petrol | D6: Transport | E6: UPI | F6: 1300 | G6: Paid | H6: =IF(B6="","",TEXT(B6,"mmm")) -> Oct | I6: =IF(B6="","",YEAR(B6)) -> 2026 | J6: =IF(F6="","",IFERROR(F6/SUM($F$4:$F$203),0)) -> 0.051632377 | K6: Fuel
A7: =IF(B7="","",ROW()-3) -> 4 | B7: 46299 | C7: Electricity bill | D7: Utilities | E7: UPI | F7: 1450 | G7: Paid | H7: =IF(B7="","",TEXT(B7,"mmm")) -> Oct | I7: =IF(B7="","",YEAR(B7)) -> 2026 | J7: =IF(F7="","",IFERROR(F7/SUM($F$4:$F$203),0)) -> 0.057589959 | K7: Monthly bill
A8: =IF(B8="","",ROW()-3) -> 5 | B8: 46300 | C8: Medicines | D8: Healthcare | E8: UPI | F8: 680 | G8: Paid | H8: =IF(B8="","",TEXT(B8,"mmm")) -> Oct | I8: =IF(B8="","",YEAR(B8)) -> 2026 | J8: =IF(F8="","",IFERROR(F8/SUM($F$4:$F$203),0)) -> 0.027007705 | K8: Pharmacy
A9: =IF(B9="","",ROW()-3) -> 6 | B9: 46301 | C9: Movie tickets | D9: Entertainment | E9: UPI | F9: 700 | G9: Paid | H9: =IF(B9="","",TEXT(B9,"mmm")) -> Oct | I9: =IF(B9="","",YEAR(B9)) -> 2026 | J9: =IF(F9="","",IFERROR(F9/SUM($F$4:$F$203),0)) -> 0.027802049 | K9: Weekend
A10: =IF(B10="","",ROW()-3) -> 7 | B10: 46302 | C10: Clothing | D10: Shopping | E10: Debit Card | F10: 2100 | G10: Paid | H10: =IF(B10="","",TEXT(B10,"mmm")) -> Oct | I10: =IF(B10="","",YEAR(B10)) -> 2026 | J10: =IF(F10="","",IFERROR(F10/SUM($F$4:$F$203),0)) -> 0.083406148 | K10: Casual wear
A11: =IF(B11="","",ROW()-3) -> 8 | B11: 46303 | C11: Online course | D11: Education | E11: UPI | F11: 999 | G11: Paid | H11: =IF(B11="","",TEXT(B11,"mmm")) -> Oct | I11: =IF(B11="","",YEAR(B11)) -> 2026 | J11: =IF(F11="","",IFERROR(F11/SUM($F$4:$F$203),0)) -> 0.039677496 | K11: Excel course
A12: =IF(B12="","",ROW()-3) -> 9 | B12: 46304 | C12: Mobile recharge | D12: Utilities | E12: UPI | F12: 349 | G12: Paid | H12: =IF(B12="","",TEXT(B12,"mmm")) -> Oct | I12: =IF(B12="","",YEAR(B12)) -> 2026 | J12: =IF(F12="","",IFERROR(F12/SUM($F$4:$F$203),0)) -> 0.013861307 | K12: 28-day plan
A13: =IF(B13="","",ROW()-3) -> 10 | B13: 46305 | C13: Office travel | D13: Transport | E13: Cash | F13: 600 | G13: Reimbursable | H13: =IF(B13="","",TEXT(B13,"mmm")) -> Oct | I13: =IF(B13="","",YEAR(B13)) -> 2026 | J13: =IF(F13="","",IFERROR(F13/SUM($F$4:$F$203),0)) -> 0.023830328 | K13: Local travel
A14: =IF(B14="","",ROW()-3) | H14: =IF(B14="","",TEXT(B14,"mmm")) | I14: =IF(B14="","",YEAR(B14)) | J14: =IF(F14="","",IFERROR(F14/SUM($F$4:$F$203),0))
A15: =IF(B15="","",ROW()-3) | H15: =IF(B15="","",TEXT(B15,"mmm")) | I15: =IF(B15="","",YEAR(B15)) | J15: =IF(F15="","",IFERROR(F15/SUM($F$4:$F$203),0))
A16: =IF(B16="","",ROW()-3) | H16: =IF(B16="","",TEXT(B16,"mmm")) | I16: =IF(B16="","",YEAR(B16)) | J16: =IF(F16="","",IFERROR(F16/SUM($F$4:$F$203),0))
A17: =IF(B17="","",ROW()-3) | H17: =IF(B17="","",TEXT(B17,"mmm")) | I17: =IF(B17="","",YEAR(B17)) | J17: =IF(F17="","",IFERROR(F17/SUM($F$4:$F$203),0))
A18: =IF(B18="","",ROW()-3) | H18: =IF(B18="","",TEXT(B18,"mmm")) | I18: =IF(B18="","",YEAR(B18)) | J18: =IF(F18="","",IFERROR(F18/SUM($F$4:$F$203),0))
A19: =IF(B19="","",ROW()-3) | H19: =IF(B19="","",TEXT(B19,"mmm")) | I19: =IF(B19="","",YEAR(B19)) | J19: =IF(F19="","",IFERROR(F19/SUM($F$4:$F$203),0))
A20: =IF(B20="","",ROW()-3) | H20: =IF(B20="","",TEXT(B20,"mmm")) | I20: =IF(B20="","",YEAR(B20)) | J20: =IF(F20="","",IFERROR(F20/SUM($F$4:$F$203),0))
A21: =IF(B21="","",ROW()-3) | H21: =IF(B21="","",TEXT(B21,"mmm")) | I21: =IF(B21="","",YEAR(B21)) | J21: =IF(F21="","",IFERROR(F21/SUM($F$4:$F$203),0))
A22: =IF(B22="","",ROW()-3) | H22: =IF(B22="","",TEXT(B22,"mmm")) | I22: =IF(B22="","",YEAR(B22)) | J22: =IF(F22="","",IFERROR(F22/SUM($F$4:$F$203),0))
A23: =IF(B23="","",ROW()-3) | H23: =IF(B23="","",TEXT(B23,"mmm")) | I23: =IF(B23="","",YEAR(B23)) | J23: =IF(F23="","",IFERROR(F23/SUM($F$4:$F$203),0))
A24: =IF(B24="","",ROW()-3) | H24: =IF(B24="","",TEXT(B24,"mmm")) | I24: =IF(B24="","",YEAR(B24)) | J24: =IF(F24="","",IFERROR(F24/SUM($F$4:$F$203),0))
A25: =IF(B25="","",ROW()-3) | H25: =IF(B25="","",TEXT(B25,"mmm")) | I25: =IF(B25="","",YEAR(B25)) | J25: =IF(F25="","",IFERROR(F25/SUM($F$4:$F$203),0))
... A203: =IF(B203="","",ROW()-3) | H203: =IF(B203="","",TEXT(B203,"mmm")) | I203: =IF(B203="","",YEAR(B203)) | J203: =IF(F203="","",IFERROR(F203/SUM($F$4:$F$203),0))
E205: SUMMARY
E206: Total Expenses | F206: =SUM(F4:F203) -> 25178
E207: Average Expense | F207: =IFERROR(AVERAGEIF(F4:F203,">0"),0) -> 2517.8
E208: Highest Expense | F208: =MAX(F4:F203) -> 15000
E209: No. of Expenses | F209: =COUNTIF(B4:B203,">0") -> 10

Sheet Dashboard
A1: PERSONAL EXPENSES DASHBOARD
A3: KPI | B3: Value | D3: KPI | E3: Value
A4: Total Expenses | B4: ='Expense Tracker'!F206 -> 25178 | D4: Expense Entries | E4: ='Expense Tracker'!F209 -> 10
A5: Average Expense | B5: ='Expense Tracker'!F207 -> 2517.8 | D5: Pending Amount | E5: =SUMIF('Expense Tracker'!G4:G203,"Pending",'Expense Tracker'!F4:F203) -> 0
A6: Highest Expense | B6: ='Expense Tracker'!F208 -> 15000
A9: Category | B9: Amount
A10: Housing | B10: =SUMIF('Expense Tracker'!$D$4:$D$203,A10,'Expense Tracker'!$F$4:$F$203) -> 15000
A11: Food & Groceries | B11: =SUMIF('Expense Tracker'!$D$4:$D$203,A11,'Expense Tracker'!$F$4:$F$203) -> 2000
A12: Transport | B12: =SUMIF('Expense Tracker'!$D$4:$D$203,A12,'Expense Tracker'!$F$4:$F$203) -> 1900
A13: Utilities | B13: =SUMIF('Expense Tracker'!$D$4:$D$203,A13,'Expense Tracker'!$F$4:$F$203) -> 1799
A14: Healthcare | B14: =SUMIF('Expense Tracker'!$D$4:$D$203,A14,'Expense Tracker'!$F$4:$F$203) -> 680
A15: Entertainment | B15: =SUMIF('Expense Tracker'!$D$4:$D$203,A15,'Expense Tracker'!$F$4:$F$203) -> 700
A16: Shopping | B16: =SUMIF('Expense Tracker'!$D$4:$D$203,A16,'Expense Tracker'!$F$4:$F$203) -> 2100
A17: Education | B17: =SUMIF('Expense Tracker'!$D$4:$D$203,A17,'Expense Tracker'!$F$4:$F$203) -> 999
A18: Insurance | B18: =SUMIF('Expense Tracker'!$D$4:$D$203,A18,'Expense Tracker'!$F$4:$F$203) -> 0
A19: Other | B19: =SUMIF('Expense Tracker'!$D$4:$D$203,A19,'Expense Tracker'!$F$4:$F$203) -> 0

Sheet Lists
A1: Categories | B1: Payment Methods | C1: Status
A2: Housing | B2: Cash | C2: Paid
A3: Food & Groceries | B3: UPI | C3: Pending
A4: Transport | B4: Debit Card | C4: Reimbursable
A5: Utilities | B5: Credit Card
A6: Healthcare | B6: Bank Transfer
A7: Entertainment | B7: Wallet
A8: Shopping
A9: Education
A10: Insurance
A11: Other
